Map: Jagannatha LE

Players

Massa - Winner!

  • Race: Terran Terran
  • League: Platinum
  • Spawn Location: 7:00

albin

  • Race: Terran Terran
  • League: Diamond
  • Spawn Location: 1:00

VOD

Have the link to the VOD?

Description

Time

  • Played on: Feb. 10, 2021, 12:30 p.m.
  • Length: 21:01
Show
View Real Time Build Order
Export as new Build Order

Massa Terran - Winner!

Build Orders: Reaper Expand 

Get SALT Encoding   

  12  0:13  SCV  
  13  0:15  Supply Depot  
  13  0:26  SCV  
  14  0:38  SCV  
  14  0:40  Barracks  
  15  0:47  Refinery  
  15  0:50  SCV  
  16  1:03  SCV  
  17  1:15  SCV  
  18  1:28  Supply Depot  
  18  1:30  Reaper  
  19  1:36  Orbital Command  
  19  2:02  Command Center  
  19  2:04  SCV  
  20  2:19  SCV  
  20  2:48  SCV  
  21  2:57  Factory, Command Center  
  21  2:59  Refinery  
  21  3:00  SCV  
  21  3:01  Barracks  
  22  3:12  SCV  
  23  3:15  Barracks Tech Lab, Orbital Command  
  23  3:24  SCV  
  24  3:33  Barracks  
  24  3:35  Marine  
  24  3:36  SCV  
  24  3:37  Stimpack  
  24  3:41  SCV  
  27  3:46  Hellion  
  27  3:48  Marine  
  30  3:54  SCV x2  
  32  3:57  Marine  
  33  4:06  SCV, Engineering Bay  
  33  4:07  Marine  
  35  4:10  SCV  
  35  4:15  Marine  
  35  4:16  Widow Mine  
  39  4:21  Marine  
  40  4:25  Marine  
  40  4:29  SCV  
  40  4:30  SCV x2  
  44  4:35  Missile Turret  
  44  4:37  Missile Turret  
  44  4:39  Marauder, Marine  
  44  4:43  Marine  
  48  4:48  Factory Tech Lab  
  48  4:50  Starport  
  48  4:58  Marine  
  48  5:01  Marauder, Marine  
  48  5:06  Terran Infantry Weapons Level 1  
  50  5:15  Marine  
  50  5:16  Siege Tank  
  54  5:22  Marauder  
  54  5:23  Orbital Command  
  56  5:28  Medivac  
  58  5:42  Barracks Tech Lab  
  58  5:58  Refinery  
  58  5:59  Refinery  
  58  6:00  Refinery  
  58  6:15  SCV x3  
  58  6:16  Refinery  
  61  6:22  Missile Turret  
  61  6:26  Refinery  
  61  6:33  Supply Depot  
  61  6:41  Planetary Fortress  
  61  6:54  SCV x2  
  61  6:55  Marine x3  
  61  7:00  Supply Depot  
  61  7:01  Terran Infantry Armor Level 1, Medivac, Supply Depot  
  68  7:06  SCV  
  69  7:15  Combat Shield  
  69  7:21  SCV x2, Marine x3  
  74  7:24  Supply Depot  
  74  7:27  SCV  
  75  7:33  SCV x2  
  77  7:38  Factory  
  77  7:39  SCV, Marine x3  
  77  7:41  Starport Reactor, Barracks  
  77  7:43  Concussive Shells  
  81  7:45  SCV x2  
  83  7:52  Cyclone  
  83  7:57  Marine, Missile Turret  
  87  8:11  Armory  
  87  8:13  SCV x3, Engineering Bay  
  90  8:22  Viking  
  90  8:25  SCV  
  93  8:44  Supply Depot  
  93  8:45  Supply Depot  
  93  8:46  Missile Turret  
  93  8:51  Missile Turret  
  93  8:54  Sensor Tower  
  93  8:58  Sensor Tower  
  93  9:05  SCV x2, Marine, Cyclone  
  93  9:06  SCV, Marauder, Marine, Viking  
  93  9:07  Marauder  
  93  9:08  Supply Depot  
  93  9:09  Terran Infantry Armor Level 2  
  107  9:12  Terran Infantry Weapons Level 2  
  107  9:16  Factory Tech Lab  
  107  9:17  SCV x2  
  107  9:24  Missile Turret  
  109  9:29  SCV  
  110  9:32  Terran Vehicle Weapons Level 1  
  110  9:33  Supply Depot x2  
  110  9:37  Siege Tank  
  110  9:48  Marine  
  110  9:49  Marine x3  
  111  10:05  Sensor Tower  
  111  10:06  Marine x2  
  111  10:07  Marine x2  
  113  10:08  Missile Turret  
  113  10:10  Refinery  
  115  10:20  Siege Tank  
  121  10:21  Siege Tank  
  121  10:24  Liberator x2  
  121  10:28  Marine  
  129  10:30  Marauder, Marine  
  129  10:33  Barracks Reactor  
  131  10:36  SCV x2  
  133  10:47  Supply Depot  
  133  10:49  Supply Depot  
  133  10:50  Supply Depot  
  133  10:55  Sensor Tower  
  133  11:08  SCV x3  
  133  11:09  Marauder  
  138  11:20  SCV  
  138  11:22  Viking x2  
  137  11:50  Siege Tank x2  
  137  11:52  Viking  
  123  12:22  Cyclone x2  
  111  12:27  Marauder x2, Marine  
  111  12:28  Marine x2, Medivac x2  
  117  12:43  Command Center  
  117  12:45  Marine x2  
  117  12:48  Marauder  
  117  12:49  Marauder  
  117  12:50  Command Center  
  123  12:54  Missile Turret  
  123  12:56  Thor  
  129  12:58  Viking x2  
  129  12:59  Thor  
  129  13:01  Terran Infantry Weapons Level 3  
  129  13:03  Terran Vehicle Weapons Level 2  
  139  13:07  Starport x2  
  139  13:09  Terran Infantry Armor Level 3  
  139  13:14  Missile Turret  
  139  13:20  SCV x3  
  142  13:28  Viking  
  142  13:32  SCV x3  
  147  13:37  Missile Turret  
  147  13:38  Viking  
  147  13:39  Thor, Missile Turret  
  155  13:43  Starport Tech Lab, Starport Reactor  
  155  13:44  SCV x2  
  155  13:46  Barracks Reactor  
  157  13:53  Supply Depot  
  157  13:54  Thor  
  163  13:55  Supply Depot  
  163  13:57  Missile Turret  
  163  13:58  Missile Turret x2  
  163  14:05  Planetary Fortress  
  163  14:10  Sensor Tower  
  163  14:13  SCV, Missile Turret  
  163  14:14  SCV x3  
  163  14:15  Missile Turret  
  167  14:20  Supply Depot  
  167  14:26  SCV x2  
  167  14:27  Planetary Fortress  
  169  14:33  SCV, Missile Turret  
  169  14:34  Missile Turret  
  169  14:38  SCV x2  
  172  14:40  Viking x3  
  172  14:41  Viking  
  180  14:46  SCV  
  180  14:50  SCV x2  
  183  14:53  Missile Turret  
  183  14:57  SCV  
  183  14:58  SCV  
  185  15:00  Refinery  
  185  15:02  SCV x2  
  185  15:06  Refinery  
  187  15:16  Command Center  
  187  15:19  Terran Vehicle And Ship Armor Level 1  
  187  15:20  Armory  
  187  15:22  Viking x4  
  187  15:23  Viking  
  187  15:27  SCV x2  
  187  15:28  SCV  
  200  15:38  Neosteel Armor  
  200  15:45  Drilling Claws  
  200  15:46  Hi-Sec Auto Tracking  
  198  16:07  Refinery  
  198  16:09  Refinery  
  139  16:25  Viking x2  
  192  16:27  Viking x2  
  192  16:28  Command Center, Missile Turret  
  192  16:32  Missile Turret  
  165  17:02  Missile Turret  
  165  17:03  Missile Turret  
  165  17:04  Smart Servos  
  165  17:10  Planetary Fortress  
  165  17:13  Missile Turret  
  165  17:16  Missile Turret  
  165  17:17  Missile Turret  
  165  17:21  Missile Turret  
  164  17:24  Missile Turret  
  159  17:36  Thor x2  
  171  17:38  Marauder x2, Marine x3  
  176  17:44  Liberator x2, Missile Turret  
  182  17:59  Marauder x2  
  186  18:17  Sensor Tower  
  186  18:21  SCV x4  
  186  18:22  SCV  
  186  18:26  Missile Turret  
  191  18:31  Missile Turret  
  191  18:33  SCV x3  
  191  18:34  SCV x2  
  194  18:45  SCV  
  194  18:47  Missile Turret  
  166  19:37  Missile Turret x2  
  166  19:38  Missile Turret  
  145  19:49  Viking x5  
  145  19:52  Thor x2  
  147  19:55  Marauder  
  147  19:56  Marauder, Marine x4  
  165  20:06  Barracks  
  165  20:07  Barracks  
  165  20:11  Barracks  
  165  20:13  Barracks, Missile Turret  
  164  20:16  Command Center  
  163  20:28  Missile Turret x2  
  163  20:29  Marine x2, Missile Turret  
  163  20:30  Viking, Missile Turret  
  163  20:32  Marine, Missile Turret, Supply Depot x3  
  163  20:33  Marine, Missile Turret  
  163  20:36  Marauder  
  163  20:53  Missile Turret  
  163  20:55  Supply Depot  
  183  20:57  Supply Depot  
Show
View Real Time Build Order
Export as new Build Order

albin Terran 

Build Orders:  

Get SALT Encoding   

  12  0:11  Supply Depot  
  12  0:13  SCV  
  13  0:25  SCV  
  14  0:33  Barracks  
  14  0:37  SCV  
  15  0:44  Refinery  
  15  0:50  Refinery  
  15  0:53  SCV  
  16  1:05  SCV  
  17  1:17  SCV  
  18  1:21  Supply Depot  
  18  1:22  Barracks Reactor  
  18  1:31  Orbital Command  
  18  1:47  Factory  
  18  2:01  Marine x2  
  18  2:07  Supply Depot  
  20  2:10  SCV  
  20  2:19  Marine  
  20  2:21  Marine  
  21  2:32  SCV  
  21  2:37  Marine  
  21  2:41  Factory Tech Lab  
  22  2:45  SCV  
  23  2:52  Starport  
  23  2:57  SCV  
  23  2:58  Supply Depot  
  24  3:05  Siege Tank  
  24  3:11  Marine  
  28  3:16  SCV  
  29  3:25  Engineering Bay  
  29  3:30  SCV  
  29  3:32  Medivac  
  32  3:44  Fusion Core  
  32  3:46  SCV  
  32  3:48  Marine  
  34  3:58  Missile Turret  
  40  4:31  Battlecruiser  
  40  4:35  Factory Tech Lab  
  40  4:42  Missile Turret  
  40  5:10  Siege Tank  
  43  5:15  Weapon Refit  
  43  5:17  Missile Turret  
  39  5:37  Marine x2  
  39  5:42  SCV  
  42  5:46  Command Center  
  42  5:55  Marine x2  
  44  5:57  SCV  
  44  6:00  Supply Depot  
  45  6:16  Battlecruiser  
  51  6:31  Missile Turret  
  51  6:41  Starport  
  51  6:44  Armory  
  51  7:16  Refinery  
  51  7:20  Starport Tech Lab  
  51  7:21  Command Center  
  51  7:25  Widow Mine  
  53  7:30  SCV x2  
  55  7:47  Planetary Fortress  
  55  8:03  Siege Tank  
  58  8:15  Marine x2, Missile Turret  
  58  8:19  SCV  
  61  8:22  Refinery  
  61  8:24  SCV  
  62  8:31  SCV  
  62  8:33  Marine x2, Terran Ship Weapons Level 1  
  65  8:35  Hi-Sec Auto Tracking  
  65  8:36  SCV  
  65  8:38  SCV  
  67  8:46  Sensor Tower  
  67  8:53  SCV x2  
  67  8:54  SCV  
  70  9:03  Missile Turret  
  70  9:05  SCV x2  
  72  9:14  SCV  
  72  9:16  Siege Tank  
  76  9:17  SCV, Marine x2  
  76  9:18  SCV  
  80  10:01  Battlecruiser  
  80  10:02  Battlecruiser  
  92  10:10  Siege Tank  
  92  10:11  Supply Depot  
  92  10:13  Supply Depot  
  95  10:28  SCV x2  
  97  10:41  Missile Turret  
  100  10:42  Siege Tank  
  100  10:43  Terran Ship Weapons Level 2  
  100  11:03  Missile Turret  
  100  11:25  Missile Turret  
  100  11:29  Battlecruiser x2  
  105  12:35  Siege Tank  
  108  12:49  Missile Turret x2  
  108  12:51  Battlecruiser  
  108  12:55  Supply Depot  
  108  12:58  Supply Depot  
  114  12:59  Supply Depot, Battlecruiser  
  114  13:02  Terran Ship Weapons Level 3  
  114  13:03  Supply Depot  
  120  13:12  Missile Turret  
  120  13:17  Planetary Fortress  
  120  13:28  Refinery  
  120  13:29  Refinery  
  120  13:35  Supply Depot  
  120  13:36  Command Center, Supply Depot  
  120  13:39  Supply Depot  
  120  13:49  Missile Turret  
  120  13:50  SCV x2  
  122  13:57  Battlecruiser  
  128  14:05  Siege Tank  
  128  14:09  Supply Depot  
  131  14:11  Supply Depot  
  131  14:13  SCV x2  
  131  14:14  SCV  
  134  14:19  Bunker  
  134  14:23  Missile Turret  
  134  14:25  SCV  
  135  14:37  Starport  
  135  14:38  Starport  
  135  14:47  Battlecruiser  
  141  15:01  Missile Turret  
  141  15:04  Missile Turret  
  141  15:07  Battlecruiser  
  147  15:19  Starport Tech Lab x2  
  147  15:27  Missile Turret x2  
  147  15:29  Missile Turret  
  147  15:31  Neosteel Armor  
  147  15:49  Missile Turret  
  147  15:54  Missile Turret  
  147  15:59  Battlecruiser  
  147  16:24  Battlecruiser  
  105  17:02  Battlecruiser  
  111  17:13  Missile Turret x2, Battlecruiser  
  111  17:14  Missile Turret  
  99  17:55  Battlecruiser  
  75  18:07  Marine x2  
  71  18:13  Planetary Fortress  
  71  18:15  SCV x2  
  73  18:21  Missile Turret  
  73  18:24  Marine  
  73  18:25  Marine  
  75  18:30  Battlecruiser  
  75  18:33  Missile Turret  
  81  18:42  Marine x2, Missile Turret  
  79  19:00  Marine x2  
  79  19:03  Bunker  
  69  19:10  Battlecruiser  
  69  19:18  Marine x2  
  39  20:02  SCV  
  39  20:05  Refinery  
  39  20:06  Refinery  
  27  20:14  SCV  
  14  20:56  Supply Depot  
Tags
 
Matchup
TvT
Race
Terran
Replay Pack
Multiplayer
Spawn Locations
Cross Positions
Add a new tag
Caveats
  • Supply blocks, unpowered buildings, or Contaminate may cause inaccurate times.
  • Supply counts are checked every 10 seconds.